TOP OF THE 1ST |
Texas Rangers batting - Pitching for Washington Nationals : LHP Dale Ahernfeld
|
Pitching: LHP Dale Ahernfeld
|
|
Batting: RHB David Casas
|
0-0: Called Strike 0-1: Ball 1-1: Called Strike 1-2: Foul Ball, location: 2F 1-2: Fly out, F9 (Line Drive, 9S, EV 91.9 MPH)
|
Batting: SHB John Giesbrecht
|
0-0: Ball 1-0: SINGLE (Groundball, 4MD, EV 96.9 MPH)
|
Batting: RHB Bert Clark
|
0-0: Called Strike 0-1: Ball 1-1: Ball 2-1: Ball 3-1: SINGLE (Groundball, 5S, EV 70.0 MPH) (infield hit) John Giesbrecht to second
|
Batting: SHB Jun Tsuda
|
0-0: Called Strike John Giesbrecht steals 3rd base Bert Clark to second 0-1: Foul Ball, location: 2F 0-2: Foul Ball, location: 2F 0-2: Ball 1-2: Foul Ball, location: 2F 1-2: Ball 2-2: Ball 3-2: DOUBLE (Line Drive, 9LS, EV 102.5 MPH) John Giesbrecht scores Bert Clark scores
|
Batting: RHB Casey Semenza
|
0-0: Ball 1-0: Called Strike 1-1: Ball 2-1: Ball 3-1: Called Strike 3-2: Foul Ball, location: 2F 3-2: Foul Ball, location: 2F 3-2: Base on Balls
|
Batting: SHB Vince Ealy
|
0-0: Called Strike 0-1: Ball 1-1: Fielders Choice at 2nd, 4-6 (Groundball, 4M, EV 90.6 MPH) Jun Tsuda to third
|
Batting: RHB Edwin Madrid
|
0-0: Ball 1-0: Called Strike 1-1: Foul Ball, location: 2F 1-2: Fly out, F6 (Popup, 6MS, EV 56.9 MPH)
|
Top of the 1st over - 2 runs, 3 hits, 0 errors, 2 left on base; Texas 2 - Washington 0 |
BOTTOM OF THE 1ST |
Washington Nationals batting - Pitching for Texas Rangers : LHP Wayne Perry
|
Pitching: LHP Wayne Perry
|
|
Batting: RHB Luis Torres
|
0-0: Ground out 4-3 (Groundball, 4, EV 101.9 MPH)
|
Batting: RHB C.J. Beavers
|
0-0: Called Strike 0-1: Ball 1-1: Foul Ball, location: 2F 1-2: Ball 2-2: Ground out 6-3 (Groundball, 6, EV 77.5 MPH)
|
Batting: SHB Junzo Kato
|
0-0: Ground out 6-3 (Groundball, 6, EV 88.8 MPH)
|
Bottom of the 1st over - 0 runs, 0 hits, 0 errors, 0 left on base; Texas 2 - Washington 0 |
TOP OF THE 2ND |
Texas Rangers batting - Pitching for Washington Nationals : LHP Dale Ahernfeld
|
Batting: RHB Zhao-ji Chi
|
0-0: Swinging Strike 0-1: Ball 1-1: Swinging Strike 1-2: Ball 2-2: Ground out 6-3 (Groundball, 6, EV 88.1 MPH)
|
Batting: LHB Da Vo
|
0-0: Foul Ball, location: 2F 0-1: Ball 1-1: Called Strike 1-2: Fly out, F8 (Flyball, 8RD, EV 86.9 MPH)
|
Batting: RHB David Casas
|
0-0: Ball 1-0: Foul Ball, location: 2F 1-1: Foul Ball, location: 2F 1-2: Strikes out swinging
|
Top of the 2nd over - 0 runs, 0 hits, 0 errors, 0 left on base; Texas 2 - Washington 0 |
BOTTOM OF THE 2ND |
Washington Nationals batting - Pitching for Texas Rangers : LHP Wayne Perry
|
Batting: RHB John Sanders
|
0-0: Called Strike 0-1: DOUBLE (Line Drive, 78D, EV 105.6 MPH)
|
Batting: LHB R.J. O'Brien
|
0-0: Ball 1-0: Swinging Strike 1-1: Ball 2-1: Ground out 4-3 (Groundball, 4MD, EV 104.4 MPH) John Sanders to third
|
Batting: RHB Tommy Baird
|
0-0: Ball 1-0: Ball 2-0: Ball 3-0: Swinging Strike 3-1: Called Strike 3-2: Strikes out swinging
|
Batting: LHB Armando Carbajal
|
0-0: Ball 1-0: Ball 2-0: Called Strike 2-1: Swinging Strike 2-2: Strikes out swinging
|
Bottom of the 2nd over - 0 runs, 1 hit, 0 errors, 1 left on base; Texas 2 - Washington 0 |
TOP OF THE 3RD |
Texas Rangers batting - Pitching for Washington Nationals : LHP Dale Ahernfeld
|
Batting: SHB John Giesbrecht
|
0-0: Ball 1-0: Ground out 6-3 (Groundball, 6MS, EV 62.5 MPH)
|
Batting: RHB Bert Clark
|
0-0: Ball 1-0: Called Strike 1-1: Swinging Strike 1-2: Foul Ball, location: 2F 1-2: Foul Ball, location: 2F 1-2: Ground out 3-1 (Groundball, 34S, EV 82.5 MPH)
|
Batting: SHB Jun Tsuda
|
0-0: Foul Ball, location: 2F 0-1: SINGLE (Groundball, 6M, EV 95.6 MPH)
|
Batting: RHB Casey Semenza
|
0-0: Ball Jun Tsuda is caught stealing 2nd base 2-4
|
Top of the 3rd over - 0 runs, 1 hit, 0 errors, 0 left on base; Texas 2 - Washington 0 |
BOTTOM OF THE 3RD |
Washington Nationals batting - Pitching for Texas Rangers : LHP Wayne Perry
|
Batting: SHB Andrew Wray II
|
0-0: Swinging Strike 0-1: Ball 1-1: Ball 2-1: Ball 3-1: Base on Balls
|
Batting: RHB Mike Blair
|
0-0: Ball 1-0: Called Strike 1-1: Foul Ball, location: 2F 1-2: Foul Ball, location: 2F 1-2: Strikes out looking
|
Batting: RHB Luis Torres
|
0-0: Ball 1-0: Swinging Strike 1-1: Ball 2-1: Foul Ball, location: 2F 2-2: Ball 3-2: SINGLE (Line Drive, 7S, EV 99.4 MPH) Andrew Wray II to second
|
Batting: RHB C.J. Beavers
|
0-0: Called Strike 0-1: Fly out, F4 (Flyball, 4D, EV 81.9 MPH)
|
Batting: SHB Junzo Kato
|
0-0: Called Strike 0-1: Swinging Strike 0-2: Ball 1-2: Foul Ball, location: 2F 1-2: Fly out, F8 (Flyball, 8RD, EV 88.1 MPH)
|
Bottom of the 3rd over - 0 runs, 1 hit, 0 errors, 2 left on base; Texas 2 - Washington 0 |
TOP OF THE 4TH |
Texas Rangers batting - Pitching for Washington Nationals : LHP Dale Ahernfeld
|
Batting: RHB Casey Semenza
|
0-0: Ball 1-0: Called Strike 1-1: Swinging Strike 1-2: Ground out 6-3 (Groundball, 56, EV 90.6 MPH)
|
Batting: SHB Vince Ealy
|
0-0: Foul Ball, location: 2F 0-1: Fly out, F8 (Flyball, 89D, EV 81.3 MPH)
|
Batting: RHB Edwin Madrid
|
0-0: Ball 1-0: Called Strike 1-1: Ball 2-1: Ball 3-1: Called Strike 3-2: Base on Balls
|
Batting: RHB Zhao-ji Chi
|
0-0: Ball 1-0: Ball 2-0: Ball 3-0: Base on Balls Edwin Madrid to second
|
Batting: LHB Da Vo
|
0-0: Fly out, F9 (Line Drive, 9, EV 89.4 MPH)
|
Top of the 4th over - 0 runs, 0 hits, 0 errors, 2 left on base; Texas 2 - Washington 0 |
BOTTOM OF THE 4TH |
Washington Nationals batting - Pitching for Texas Rangers : LHP Wayne Perry
|
Batting: RHB John Sanders
|
0-0: Ball 1-0: DOUBLE (Line Drive, 78D, EV 109.4 MPH)
|
Batting: LHB R.J. O'Brien
|
0-0: Ground out 1-3 (Groundball, 15S, EV 74.4 MPH)
|
Batting: RHB Tommy Baird
|
0-0: Foul Ball, location: 2F 0-1: Swinging Strike 0-2: Foul Ball, location: 2F 0-2: Strikes out swinging
|
Batting: LHB Armando Carbajal
|
0-0: Foul Ball, location: 2F 0-1: Foul Ball, location: 2F 0-2: Ball 1-2: Ball 2-2: Strikes out swinging
|
Bottom of the 4th over - 0 runs, 1 hit, 0 errors, 1 left on base; Texas 2 - Washington 0 |
TOP OF THE 5TH |
Texas Rangers batting - Pitching for Washington Nationals : LHP Dale Ahernfeld
|
Batting: RHB David Casas
|
0-0: Called Strike 0-1: Foul Ball, location: 2F 0-2: Ball 1-2: Ball 2-2: Ball 3-2: Strikes out swinging
|
Batting: SHB John Giesbrecht
|
0-0: Called Strike 0-1: Ball 1-1: Ball 2-1: Ball 3-1: Foul Ball, location: 2F 3-2: SINGLE (Groundball, 6MD, EV 108.1 MPH)
|
Batting: RHB Bert Clark
|
0-0: Ball 1-0: Ball 2-0: Called Strike 2-1: Ball 3-1: Base on Balls John Giesbrecht to second
|
Batting: SHB Jun Tsuda
|
0-0: Called Strike 0-1: Foul Ball, location: 2F 0-2: Strikes out looking
|
Batting: RHB Casey Semenza
|
0-0: Foul Ball, location: 2F 0-1: Ball 1-1: Foul Ball, location: 2F 1-2: Strikes out swinging
|
Top of the 5th over - 0 runs, 1 hit, 0 errors, 2 left on base; Texas 2 - Washington 0 |
BOTTOM OF THE 5TH |
Washington Nationals batting - Pitching for Texas Rangers : LHP Wayne Perry
|
Batting: SHB Andrew Wray II
|
0-0: Foul Ball, location: 2F 0-1: Ball 1-1: Ball 2-1: Ball 3-1: Base on Balls
|
Batting: RHB Mike Blair
|
0-0: Ball 1-0: Ball 2-0: Called Strike 2-1: Ball 3-1: Called Strike 3-2: Fly out, F9 (Flyball, 9S, EV 81.3 MPH)
|
Batting: RHB Luis Torres
|
0-0: Called Strike 0-1: Fielders Choice at 2nd, 6-4 (Groundball, 6M, EV 88.8 MPH)
|
Batting: RHB C.J. Beavers
|
0-0: Ball 1-0: Foul Ball, location: 2F 1-1: Ball 2-1: Called Strike 2-2: Fielders Choice at 2nd, 6-4 (Groundball, 6, EV 86.9 MPH)
|
Bottom of the 5th over - 0 runs, 0 hits, 0 errors, 1 left on base; Texas 2 - Washington 0 |
TOP OF THE 6TH |
Texas Rangers batting - Pitching for Washington Nationals : LHP Dale Ahernfeld
|
Batting: SHB Vince Ealy
|
0-0: Foul Ball, location: 2F 0-1: Ball 1-1: Swinging Strike 1-2: SINGLE (Groundball, 6MD, EV 104.4 MPH)
|
Pitching: RHP Chris Painter
|
|
Batting: RHB Edwin Madrid
|
0-0: Ball 1-0: Ball Vince Ealy steals 2nd base 2-0: Ball 3-0: Called Strike 3-1: Fly out, F7 (Flyball, 7LM, EV 106.3 MPH) Runner from 2nd tags up, SAFE at 3rd with throw by LF
|
Batting: RHB Zhao-ji Chi
|
0-0: Ball 1-0: Ball 2-0: Called Strike 2-1: Called Strike 2-2: Ground out 1-3 (Groundball, 15S, EV 70.0 MPH)
|
Batting: LHB Da Vo
|
0-0: Swinging Strike 0-1: Foul Ball, location: 2F 0-2: Ball 1-2: Foul Ball, location: 2F 1-2: Ground out 4-3 (Groundball, 4, EV 90.6 MPH)
|
Top of the 6th over - 0 runs, 1 hit, 0 errors, 1 left on base; Texas 2 - Washington 0 |
BOTTOM OF THE 6TH |
Washington Nationals batting - Pitching for Texas Rangers : LHP Wayne Perry
|
Batting: SHB Junzo Kato
|
0-0: Ball 1-0: Called Strike 1-1: Ball 2-1: SINGLE (Groundball, 56D, EV 108.8 MPH) (infield hit)
|
Batting: RHB John Sanders
|
0-0: Ball 1-0: Foul Ball, location: 2F 1-1: DOUBLE (Flyball, 78XD, EV 108.1 MPH) Junzo Kato to third
|
Pinch Hitting: RHB Jared Speck
|
0-0: Called Strike 0-1: Foul Ball, location: 2F 0-2: Ball 1-2: Strikes out swinging
|
Batting: RHB Tommy Baird
|
0-0: Called Strike 0-1: Ball 1-1: Swinging Strike 1-2: Strikes out swinging
|
Pinch Hitting: RHB Luis Ramos
|
0-0: Foul Ball, location: 2F 0-1: Ball 1-1: Ground out 1-3 (Groundball, 15S, EV 67.5 MPH)
|
Bottom of the 6th over - 0 runs, 2 hits, 0 errors, 2 left on base; Texas 2 - Washington 0 |
TOP OF THE 7TH |
Texas Rangers batting - Pitching for Washington Nationals : RHP Chris Painter
|
Now at 1B: Dan Fallon
|
|
Now in LF: Andrew Wray II
|
|
Now in CF: Luis Ramos
|
|
Batting: RHB David Casas
|
0-0: Called Strike 0-1: Ball 1-1: Fly out, F8 (Flyball, 8RXD, EV 105.0 MPH)
|
Batting: SHB John Giesbrecht
|
0-0: Foul Ball, location: 2F 0-1: Swinging Strike 0-2: Strikes out swinging
|
Batting: RHB Bert Clark
|
0-0: Foul Ball, location: 2F 0-1: Ball 1-1: DOUBLE (Flyball, 8LXD, EV 115.0 MPH)
|
Batting: SHB Jun Tsuda
|
0-0: Intentional Walk
|
Batting: RHB Casey Semenza
|
0-0: Ball 1-0: Ball 2-0: Swinging Strike 2-1: SINGLE (Flyball, 8RS, EV 92.5 MPH) Bert Clark to third Jun Tsuda to second Runner from 3rd tries for Home, throw by CF and OUT! 8-2
|
Top of the 7th over - 0 runs, 2 hits, 0 errors, 2 left on base; Texas 2 - Washington 0 |
BOTTOM OF THE 7TH |
Washington Nationals batting - Pitching for Texas Rangers : LHP Wayne Perry
|
Batting: SHB Andrew Wray II
|
0-0: Fly out, F8 (Flyball, 8LM, EV 92.5 MPH)
|
Batting: RHB Mike Blair
|
0-0: Ball 1-0: Called Strike 1-1: Ball 2-1: Ball 3-1: Foul Ball, location: 2F 3-2: Strikes out swinging
|
Batting: RHB Luis Torres
|
0-0: Ball 1-0: Fly out, F3 (Line Drive, 3, EV 64.4 MPH)
|
Bottom of the 7th over - 0 runs, 0 hits, 0 errors, 0 left on base; Texas 2 - Washington 0 |
TOP OF THE 8TH |
Texas Rangers batting - Pitching for Washington Nationals : RHP Chris Painter
|
Pitching: RHP Manuel Romero
|
|
Batting: SHB Vince Ealy
|
0-0: Ball 1-0: Ball 2-0: Ball 3-0: Base on Balls
|
Batting: RHB Edwin Madrid
|
0-0: Ball 1-0: Bunted foul 1-1: Ball 2-1: Sac Bunt to 15S - play at first, batter OUT! 1-4 Vince Ealy to second
|
Batting: RHB Zhao-ji Chi
|
0-0: Ball Wild Pitch! Vince Ealy to third 1-0: Ground out 6-3 (Groundball, 6, EV 89.4 MPH)
|
Batting: LHB Da Vo
|
0-0: Ball 1-0: Foul Ball, location: 2F 1-1: Foul Ball, location: 2F 1-2: SINGLE (Groundball, 34D, EV 100.0 MPH) Vince Ealy scores
|
Batting: RHB David Casas
|
0-0: Ball 1-0: Foul Ball, location: 2F 1-1: Called Strike Da Vo steals 2nd base 1-2: Ground out 5-3 (Groundball, 56, EV 90.0 MPH)
|
Top of the 8th over - 1 run, 1 hit, 0 errors, 1 left on base; Texas 3 - Washington 0 |
BOTTOM OF THE 8TH |
Washington Nationals batting - Pitching for Texas Rangers : LHP Wayne Perry
|
Pitching: RHP Kyle Curve
|
|
Now at 1B: Johan de Vries
|
|
Batting: RHB C.J. Beavers
|
0-0: Ball 1-0: Fly out, F3 (Popup, 3F, EV 80.0 MPH)
|
Batting: SHB Junzo Kato
|
0-0: Called Strike 0-1: Ball 1-1: Called Strike 1-2: Fly out, F7 (Flyball, 7D, EV 108.8 MPH)
|
Batting: RHB John Sanders
|
0-0: Foul Ball, location: 2F 0-1: Ball 1-1: Ball 2-1: Ball 3-1: Called Strike 3-2: SINGLE (Flyball, 89S, EV 95.0 MPH)
|
Batting: RHB Dan Fallon
|
0-0: Ball 1-0: Swinging Strike 1-1: Ball 2-1: Foul Ball, location: 2F 2-2: Strikes out swinging
|
Bottom of the 8th over - 0 runs, 1 hit, 0 errors, 1 left on base; Texas 3 - Washington 0 |
TOP OF THE 9TH |
Texas Rangers batting - Pitching for Washington Nationals : RHP Manuel Romero
|
Batting: SHB John Giesbrecht
|
0-0: Ball 1-0: Ball 2-0: SINGLE (Groundball, 4M, EV 101.3 MPH) (infield hit)
|
Batting: RHB Bert Clark
|
0-0: Ground out 4-3 (Groundball, 4D, EV 105.0 MPH) John Giesbrecht to second
|
Batting: SHB Jun Tsuda
|
0-0: Intentional Walk
|
Batting: RHB Casey Semenza
|
0-0: Ball 1-0: Foul Ball, location: 2F 1-1: Ball 2-1: Ball 3-1: Base on Balls John Giesbrecht to third Jun Tsuda to second
|
Batting: SHB Vince Ealy
|
0-0: Fly out, F9 (Flyball, 9, EV 86.3 MPH) Runner from 3rd tags up, SCORES, throw by RF Jun Tsuda to third
|
Batting: RHB Edwin Madrid
|
0-0: Ball 1-0: Called Strike Casey Semenza steals 2nd base 1-1: Intentional Walk
|
Batting: RHB Zhao-ji Chi
|
0-0: Ball 1-0: Foul Ball, location: 2F 1-1: Ball 2-1: Foul Ball, location: 2F 2-2: Fly out, F8 (Flyball, 8LD, EV 93.8 MPH)
|
Top of the 9th over - 1 run, 1 hit, 0 errors, 3 left on base; Texas 4 - Washington 0 |
BOTTOM OF THE 9TH |
Washington Nationals batting - Pitching for Texas Rangers : RHP Kyle Curve
|
Pitching: RHP Mike Webb
|
|
Batting: RHB Tommy Baird
|
0-0: Ball 1-0: Fly out, F3 (Popup, 3S, EV 82.5 MPH)
|
Batting: RHB Luis Ramos
|
0-0: Ball 1-0: Foul Ball, location: 2F 1-1: Swinging Strike 1-2: Ball 2-2: Strikes out swinging
|
Batting: SHB Andrew Wray II
|
0-0: Called Strike 0-1: SINGLE (Line Drive, 89M, EV 90.0 MPH)
|
Batting: RHB Mike Blair
|
0-0: Ball 1-0: Fly out, F9 (Flyball, 9LM, EV 79.4 MPH)
|
Bottom of the 9th over - 0 runs, 1 hit, 0 errors, 1 left on base; Texas 4 - Washington 0 |
|